Map: Inferno Pools (Void)

Players

CyberCop

  • Race: Protoss Protoss
  • League: Grandmaster

Waffles - Winner!

  • Race: Zerg Zerg
  • League: Grandmaster

VOD

Have the link to the VOD?

Description

Time

  • Played on: June 12, 2015, 12:14 p.m.
  • Length: 14:44
Show
View Real Time Build Order
Export as new Build Order

CyberCop Protoss 

Build Orders:  

Get SALT Encoding   

  12  0:01  Probe  
  13  0:16  Pylon  
  13  0:20  Probe  
  14  0:34  Probe (Chrono Boost)  
  16  0:44  Probe (Chrono Boost)  
  16  0:52  Probe, Pylon  
  17  1:04  Probe (Chrono Boost)  
  17  1:05  Pylon  
  17  1:08  Assimilator  
  18  1:23  Probe  
  19  1:29  Forge  
  19  1:32  Gateway  
  19  1:35  Probe (Chrono Boost)  
  20  1:47  Probe (Chrono Boost)  
  20  1:50  Assimilator  
  21  1:55  Pylon  
  21  1:56  Probe (Chrono Boost)  
  22  2:05  Probe  
  23  2:12  Gateway  
  23  2:16  Gateway  
  23  2:27  Cybernetics Core  
  23  2:30  Probe (Chrono Boost)  
  24  2:41  Probe (Chrono Boost)  
  25  2:47  Photon Cannon  
  25  2:49  Probe (Chrono Boost)  
  27  2:59  Probe (Chrono Boost)  
  27  3:05  Zealot x2  
  31  3:08  Warp Gate (Chrono Boost)  
  31  3:22  Probe  
  32  3:28  Pylon  
  32  3:34  Probe  
  33  3:40  Zealot x2  
  37  3:42  Photon Cannon  
  37  3:57  Probe  
  38  4:03  Pylon  
  38  4:09  Probe  
  37  4:30  Probe (Chrono Boost)  
  32  4:40  Probe (Chrono Boost)  
  33  4:46  Photon Cannon  
  33  4:48  Photon Cannon  
  32  5:10  Stargate  
  32  5:13  Stargate  
  32  5:21  Probe (Chrono Boost)  
  32  5:23  Nexus  
  32  5:26  Assimilator  
  32  5:27  Pylon  
  33  5:31  Probe (Chrono Boost)  
  33  5:32  Assimilator  
  34  5:36  Photon Cannon  
  34  5:38  Photon Cannon  
  34  5:40  Photon Cannon  
  34  5:41  Pylon  
  34  5:46  Pylon  
  34  5:47  Probe  
  35  5:55  Stalker  
  37  5:59  Probe  
  36  6:20  Zealot  
  38  6:41  Stalker  
  40  6:52  Pylon  
  38  6:56  Nexus  
  38  7:00  Pylon  
  36  7:02  Pylon  
  36  7:20  Fleet Beacon  
  36  7:22  Assimilator  
  21  7:45  Assimilator  
  21  7:46  Pylon  
  21  8:09  Gateway  
  21  8:19  Forge  
  21  8:28  Pylon  
  21  8:29  Probe, Pylon  
  22  8:39  Gateway  
  23  8:41  Probe (Chrono Boost)  
  23  8:43  Gateway  
  23  8:53  Probe (Chrono Boost)  
  24  8:56  Pylon, Photon Cannon  
  24  9:00  Photon Cannon  
  24  9:09  Probe  
  25  9:11  Cybernetics Core  
  25  9:21  Probe  
  25  9:24  Photon Cannon  
  26  9:34  Probe (Chrono Boost)  
  27  9:43  Photon Cannon  
  28  9:45  Probe (Chrono Boost)  
  28  9:48  Photon Cannon  
  28  9:53  Probe  
  28  9:54  Stargate  
  29  10:06  Probe (Chrono Boost)  
  30  10:11  Stalker  
  30  10:13  Stalker  
  34  10:16  Probe (Chrono Boost)  
  34  10:18  Stalker  
  37  10:23  Probe  
  38  10:29  Protoss Ground Weapons Level 1 (Chrono Boost)  
  38  10:36  Probe  
  35  10:43  Stalker  
  35  10:44  Stalker  
  37  10:50  Stalker  
  37  11:15  Zealot  
  37  11:22  Pylon  
  37  11:33  Cybernetics Core  
  37  11:40  Pylon, Photon Cannon  
  37  11:43  Probe  
  37  11:44  Void Ray (Chrono Boost)  
  37  11:45  Photon Cannon  
  42  11:54  Zealot  
  42  11:56  Zealot  
  46  12:02  Probe  
  47  12:16  Void Ray (Chrono Boost)  
  51  12:24  Pylon  
  51  12:26  Pylon  
  51  12:32  Stalker  
  53  12:43  Stalker  
  55  12:45  Stalker  
  57  13:10  Stalker x2  
  57  13:11  Stalker  
  37  13:26  Void Ray (Chrono Boost)  
  37  13:34  Zealot x2  
  37  13:35  Zealot  
  1  14:19  Pylon  
Show
View Real Time Build Order
Export as new Build Order

Waffles Zerg - Winner!

Build Orders: Hatch First, Lurkers, Ravager All-In 

Get SALT Encoding   

  12  0:02  Drone  
  13  0:13  Drone  
  14  0:35  Hatchery  
  14  0:41  Overlord  
  13  0:50  Drone  
  14  1:02  Spawning Pool  
  13  1:06  Drone  
  13  1:10  Drone  
  15  1:14  Drone  
  15  1:18  Drone  
  17  1:21  Extractor  
  16  1:28  Drone  
  16  1:32  Extractor  
  16  1:39  Drone  
  17  1:50  Roach Warren  
  17  1:52  Drone x2  
  18  2:02  Queen  
  20  2:19  Queen  
  20  2:22  Drone  
  23  2:26  Zergling x2  
  23  2:29  Drone  
  25  2:33  Drone  
  26  2:38  Drone  
  26  2:42  Drone  
  28  2:49  Overlord  
  28  2:58  Overlord  
  28  3:11  Roach x3  
  34  3:13  Drone  
  34  3:16  Drone  
  37  3:20  Drone  
  37  3:32  Roach x2  
  43  3:34  Roach  
  43  3:46  Overlord x2  
  43  4:01  Lair  
  43  4:02  Drone  
  44  4:06  Ravager  
  44  4:07  Ravager x4  
  44  4:09  Ravager  
  50  4:11  Roach x2  
  50  4:15  Roach  
  55  4:36  Roach  
  55  4:37  Roach  
  55  4:38  Overlord x2  
  56  4:58  Roach x5  
  56  4:59  Roach x2  
  70  5:03  Drone  
  71  5:14  Drone x4  
  73  5:16  Glial Reconstitution  
  73  5:21  Overlord  
  75  5:26  Overlord  
  75  5:47  Drone  
  75  5:48  Drone x3  
  79  5:52  Hatchery  
  78  6:14  Roach x2  
  78  6:15  Roach x6  
  78  6:17  Overlord  
  91  6:19  Overlord  
  91  6:24  Overlord  
  91  6:51  Roach x3  
  91  6:52  Roach x2  
  101  7:10  Drone x4  
  105  7:52  Drone x3, Hydralisk Den  
  105  7:53  Drone x7  
  105  7:55  Extractor  
  105  7:56  Extractor, Queen  
  114  7:58  Drone x2, Extractor  
  114  7:59  Drone x5  
  120  8:39  Lurker Den  
  120  8:55  Drone  
  120  8:56  Drone  
  120  8:57  Overlord x2  
  120  8:58  Overlord  
  122  9:02  Metabolic Boost  
  122  9:10  Extractor  
  121  9:18  Drone x3  
  121  9:19  Drone x4  
  121  9:23  Hydralisk  
  121  9:24  Evolution Chamber, Hydralisk x6  
  128  9:25  Evolution Chamber, Hydralisk x2  
  144  9:40  Spire  
  143  9:47  Pneumatized Carapace  
  143  9:57  Overseer x3  
  143  10:05  Zerg Missile Weapons Level 1  
  143  10:06  Zerg Ground Armor Level 1  
  143  10:07  Muscular Augments  
  143  10:12  Infestation Pit  
  142  10:34  Hydralisk  
  142  10:35  Roach  
  146  10:36  Hatchery  
  139  10:58  Lurker x3  
  139  11:00  Lurker x2  
  139  11:01  Lurker x2  
  139  11:02  Overlord x3  
  139  11:03  Overlord x2  
  142  11:28  Hive  
  142  11:45  Hydralisk x5  
  152  11:51  Queen  
  154  11:55  Drone x3  
  154  11:56  Drone x2  
  159  12:02  Zerg Missile Weapons Level 2  
  159  12:03  Zerg Ground Armor Level 2  
  159  12:21  Drone  
  159  12:22  Drone x4, Extractor  
  163  12:23  Extractor  
  162  12:33  Drone x3  
  165  12:47  Ultralisk Cavern  
  165  12:48  Greater Spire  
  140  13:34  Hydralisk  
  140  13:35  Hydralisk x20  
  140  13:36  Hydralisk x5  
  140  13:40  Overlord  
  140  13:41  Overlord x3  
Tags
 
Add a new tag
Caveats
  • Supply blocks, unpowered buildings, or Contaminate may cause inaccurate times.
  • Supply counts are checked every 10 seconds.